 Dungeon Crawl Stone Soup version 0.30-a0-1163-gf69bf04e7a (webtiles) character file.

Game seed: 11343808844831717411

716 NinjaNoafa the Trooper (level 7, 0/59 HPs)
             Began as a Barachi Monk on Apr 28, 2023.
             Was a Believer of Wu Jian.
             Slain by a gnoll sergeant
             ... wielding a +3 spear of freezing
              (5 damage)
             ... on level 5 of the Dungeon.
             The game lasted 00:09:10 (4068 turns).

NinjaNoafa the Trooper (Barachi Monk)               Turns: 4068, Time: 00:09:10

Health: 0/59       AC:  5    Str: 12    XL:     7   Next: 69%
Magic:  7/7        EV: 15    Int: 10    God:    Wu Jian [**....]
Gold:   207        SH:  8    Dex: 20    Spells: 6/6 levels left

rFire   . . .        a - +0 falchion
rCold   . . .        m - +2 buckler
rNeg    . . .        b - +0 robe
rPois   .            (no helmet)
rElec   .            k - +0 cloak
rCorr   .            v - +1 pair of gloves
SInv    +            (no boots)
Will    .....        t - amulet of regeneration
Stlth   +++          q - ring "Ranimn" {Drain Dex+3 SInv Stlth+}
HPRegen 1.09/turn    (no ring)
MPRegen 0.10/turn

%: no passive effects
@: slow
A: amphibious, slowness 1, strong legs 1, +LOS
a: Hop, Renounce Religion, Wall Jump


You were on level 5 of the Dungeon.
You worshipped Wu Jian.
Wu Jian was pleased with you.
You visited 2 branches of the dungeon, and saw 6 of its levels.

You collected 207 gold pieces.

Inventory:

Hand Weapons
 a - a +0 falchion (weapon)
Armour
 b - a +0 robe (worn)
 k - a +0 cloak (worn)
 m - a +2 buckler (worn)
 v - a +1 pair of gloves (worn)
Jewellery
 q - the ring "Ranimn" (left hand) {Drain Dex+3 SInv Stlth+}
   (You found it on level 3 of the Dungeon)

   [ring of see invisible]

   Dex:       It affects your dexterity (+3).
   SInv:      It lets you see invisible.
   Drain:     It drains your maximum health when unequipped.
   Stlth:     It makes you more stealthy.
 t - an amulet of regeneration (around neck)
Scrolls
 c - a scroll of fog {unknown}
 d - 3 scrolls of teleportation {unknown}
 e - 2 scrolls of enchant weapon {unknown}
 f - 6 scrolls of identify {unknown}
 g - 2 scrolls of immolation {unknown}
 p - a scroll of poison {unknown}
 r - a scroll of noise {unknown}
Potions
 i - a potion of heal wounds
 j - 2 potions of degeneration {unknown}
 l - 2 potions of curing {unknown}
 n - 2 potions of attraction {unknown}
 o - a potion of haste {unknown}
 s - a potion of mutation {unknown}
 u - a potion of cancellation {unknown}


   Skills:
 + Level 6.4 Fighting
 + Level 6.0 Long Blades
 + Level 5.8 Dodging
 + Level 3.5 Shields


You had 6 spell levels left.
You didn't know any spells.
Your spell library contained the following spells:

 Spells                   Type           Power      Damage    Failure   Level
 Sandblast                Erth           0%         2d4       45%         1
 Passwall                 Tmut/Erth      0%         N/A       61%         2
 Call Canine Familiar     Summ           0%         N/A       83%         3
 Ozocubu's Armour         Ice            0%         N/A       83%         3
 Portal Projectile        Hex/Tloc       0%         N/A       83%         3
 Stone Arrow              Conj/Erth      0%         3d7       83%         3
 Leda's Liquefaction      Hex/Erth       0%         N/A       99%         4
 Metabolic Englaciation   Hex/Ice        0%         N/A       100%        5
 Simulacrum               Ice/Necr       0%         N/A       100%        6


Dungeon Overview and Level Annotations

Branches:
Dungeon (5/15)             Temple (1/1) D:5

Altars:
Cheibriados
Dithmenos
Elyvilon
Fedhas
Gozag
Hepliaklqana
Kikubaaqudgha
Makhleb
Nemelex Xobeh
Okawaru
Qazlal
Ru
Sif Muna
Trog
Uskayaw
Vehumet
Wu Jian
Xom
Yredelemnul
Zin
The Shining One


Innate Abilities, Weirdness & Mutations

You are amphibious.
You cover ground slowly.
You can hop short distances.
You have an extended range of vision and can be seen from far away.


Message History

There is nothing to wall jump against here.
Okay, then.
Okay, then.
The gnoll closely misses you.
The gnoll sergeant hits you from afar with a +3 spear of freezing!
* * * LOW HITPOINT WARNING * * *
The gnoll sergeant freezes you.
* * * LOW HITPOINT WARNING * * *
The gnoll hits you from afar with a +0 spear.
* * * LOW HITPOINT WARNING * * *
Unknown command.
Unknown command.
Aiming: Wall Jump
Press: ? - help, Dir - move target You repeatedly attack the gnoll from above.
You hit the gnoll.
The gnoll is moderately wounded.
You completely miss the gnoll.
The gnoll is moderately wounded.
You block the gnoll's attack.
The gnoll hits you from afar with a +0 spear.
* * * LOW HITPOINT WARNING * * *
The gnoll sergeant hits you but does no damage.
The gnoll barely misses you. The gnoll sergeant misses you.
You block the gnoll's attack. The gnoll barely misses you.
The gnoll hits you from afar with a +0 spear.
* * * LOW HITPOINT WARNING * * *
The gnoll hits you with a +0 whip.
* * * LOW HITPOINT WARNING * * *
The gnoll hits you from afar with a +0 spear.
* * * LOW HITPOINT WARNING * * *
The gnoll sergeant barely misses you. The gnoll completely misses you.
You lunge at the gnoll.
You slash the gnoll!
You kill the gnoll!
The Council accepts your kill.
You spin and attack the gnoll.
You hit the gnoll but do no damage.
The gnoll is moderately wounded.
You block the gnoll's attack.
The gnoll sergeant hits you from afar with a +3 spear of freezing.
You die...

#. #.##)#....##....... #.
#.##.####.##.......
#..........#.......
#.####.#####.........
#ggg..............###
#.######.##########....
#........# ####. ######)gg# ###
#@..# #.. #.g.# #.. #########
#.. #####....# #.# #...#....#
#.# #...#....# #.#
##############...##...########.#
#.................'..........#.#
####.#########...##...######.#..


You could see a gnoll sergeant and 2 gnolls.

Vanquished Creatures
  Eustachio (D:4)
  A black bear (D:5)
  A phantom (D:4)
  A jelly (D:5)
  2 hounds
  An orc priest (D:5)
  2 iguanas (D:5)
  Jessica (D:2)
  An orc wizard (D:5)
  9 adders
  3 gnolls
  A white imp (D:5)
  2 worms
  3 dart slugs
  3 orcs (D:5)
  4 ball pythons
  6 endoplasms
  7 giant cockroaches
  10 hobgoblins
  2 jackals (D:4)
  4 quokkas
  2 bats
  2 frilled lizards (D:2)
  7 goblins
  8 kobolds
  7 rats
  A butterfly (D:5)
92 creatures vanquished.

Notes
Turn   | Place    | Note
-------+----------+-------------------------------------------
     0 | D:1      | NinjaNoafa the Barachi Monk began the quest for the Orb.
     0 | D:1      | Reached XP level 1. HP: 18/18 MP: 1/1
    47 | D:1      | Reached XP level 2. HP: 19/25 MP: 2/2
   245 | D:1      | Reached XP level 3. HP: 25/30 MP: 3/3
   776 | D:2      | Reached XP level 4. HP: 22/38 MP: 4/4
   847 | D:2      | Noticed Jessica
   863 | D:2      | Killed Jessica
  1355 | D:3      | Reached skill level 5 in Fighting
  1501 | D:3      | Reached XP level 5. HP: 44/44 MP: 5/5
  1629 | D:3      | Found a shimmering blue altar of Sif Muna.
  1683 | D:3      | Identified the ring "Ranimn" {Drain Dex+3 SInv Stlth+}
  2045 | D:3      | Found a sparkling altar of Nemelex Xobeh.
  2340 | D:4      | Noticed a phantom
  2353 | D:4      | Killed a phantom
  2354 | D:4      | Reached skill level 1 in Shields
  2354 | D:4      | Reached XP level 6. HP: 50/51 MP: 6/6
  2484 | D:4      | Reached skill level 5 in Long Blades
  2604 | D:4      | Reached skill level 5 in Dodging
  2725 | D:4      | Noticed Eustachio
  2805 | D:4      | Killed Eustachio
  3062 | D:5      | Entered Level 5 of the Dungeon
  3120 | D:5      | Reached XP level 7. HP: 57/57 MP: 7/7
  3248 | D:5      | Found a staircase to the Ecumenical Temple.
  3383 | Temple   | Entered the Ecumenical Temple
  3534 | Temple   | Became a worshipper of the Wu Jian Council
  3534 | Temple   | Reached * piety under Wu Jian
  3534 | Temple   | Reached ** piety under Wu Jian
  4068 | D:5      | Slain by a gnoll sergeant

Illustrated notes

Levels and vault maps discovered:
D:1:      dpeg_arrival_long_road, layout_rooms, grunt_decor_arrowhead,
          minmay_strange_pillars
D:2:      layout_loops_ring, uniq_jessica
D:3:      layout_basic, old_standard_altar, general_overflow_altar
D:4:      layout_basic, uniq_eustachio
D:5:      layout_basic, minmay_temple_entry_butterflies,
          nicolae_elevator_lobby_plus
Temple:   nicolae_temple_bog_church

Skill      XL: |  1  2  3  4  5  6  7 |
---------------+----------------------+-----
Long Blades    | 4 5 6 |  6.0
Fighting       | 4 5 6 |  6.4
Dodging        | 4 5 |  5.8
Shields        | 1 2 3 |  3.5

Action                     |  1- 3 |  4- 6 |  7- 9 || total
---------------------------+-------+-------+-------++-------
  Melee: Falchion          |    98 |   177 |   103 ||   378
Ability: Hop               |     2 |     3 |     1 ||     6
         Whirlwind         |       |       |    15 ||    15
         Wall Jump         |       |       |     9 ||     9
         Lunge             |       |       |     6 ||     6
    Use: Potion            |     1 |       |     1 ||     2
   Stab: Sleeping          |       |     9 |     5 ||    14
         Distracted        |       |       |     1 ||     1
 Armour: Robe              |    17 |    21 |    20 ||    58
  Dodge: Dodged            |   101 |   105 |    68 ||   274
  Block: Buckler           |       |    47 |    50 ||    97

Table legend: (Time is in decaauts)
 A = Elapsed time spent in this place.
 B = Non-inter-level travel time spent in this place.
 C = Inter-level travel time spent in this place.
 D = Time resting spent in this place.
 E = Time spent auto-exploring this place.
 F = Levels seen in this place.
 G = Mean time per level.
                   A        B        C        D        E       F      G
               +--------+--------+--------+--------+--------+-----+--------+
         Total |   4802 |   4526 |    276 |    133 |   3209 |   6 |  800.3 |
       Dungeon |   4602 |   4367 |    235 |    133 |   3088 |   5 |  920.4 |
        Temple |    199 |    159 |     40 |      0 |    121 |   1 |  199.0 |
               +--------+--------+--------+--------+--------+-----+--------+

Top non-repeatable levels by time:
     D:4: 1110 daAuts
     D:5: 1000 daAuts
     D:3: 931 daAuts
     D:2: 825 daAuts
     D:1: 733 daAuts
  Temple: 199 daAuts
